 Dungeon Crawl Stone Soup version 0.27-a0-67-g4bfc8a49e1 (webtiles) character file.

Game seed: 5460660986169048468

17278 Borgoz the Carver (level 12, -7/85 HPs)
             Began as a Halfling Fighter on Jan 9, 2021.
             Was a Priest of Ashenzari.
             Mangled by a death yak (12 damage)
             ... on level 3 of the Lair of Beasts.
             The game lasted 00:25:36 (17809 turns).

Borgoz the Carver (Halfling Fighter)               Turns: 17809, Time: 00:25:36

Health: -7/85      AC: 22    Str: 18    XL:     12   Next: 80%
Magic:  0/12       EV: 13    Int:  6    God:    Ashenzari [***...]
Gold:   1602       SH: 12    Dex: 29    Spells: 11/11 levels left

rFire    + . .     SeeInvis +   a - +1 long sword
rCold    . . .     Faith    .   c - +0 kite shield
rNeg     . . .     Spirit   +   e - +1 chain mail of the Abyss {Will+ Dex+2 Slay+3} (curse)
rPois    .         Reflect  .   (no helmet)
rElec    .         Harm     .   D - +2 cloak {rCorr}
rCorr    +         Rampage  .   p - +2 pair of gloves {Dex+3}
Will     +....                  r - +1 pair of boots
Stlth    ..........             x - amulet of guardian spirit
HPRegen  0.24/turn              f - +6 ring of dexterity
MPRegen  0.13/turn              G - ring of protection from fire

@: mighty, berserk cooldown, slowed, very slow
A: small, mutation resistance 1
a: Renounce Religion, Curse Item, Scrying


You were on level 3 of the Lair of Beasts.
You worshipped Ashenzari.
Ashenzari was most pleased with you.
You visited 3 branches of the dungeon, and saw 16 of its levels.
You also visited: Sewer and Ossuary.

You collected 1602 gold pieces.

Inventory:

Hand Weapons
 a - a +1 long sword (weapon)
Armour
 c - a +0 kite shield (worn)
 e - the cursed +1 chain mail of the Abyss (worn) {Will+ Dex+2 Slay+3}
   (You found it on level 4 of the Dungeon)

   It affects your dexterity (+2).
   It affects your accuracy and damage with ranged weapons and melee attacks
   (+3).
   It affects your willpower, your defense against some magical effects.
   It has a curse placed upon it.
 p - a +2 pair of gloves of dexterity (worn)
 r - a +1 pair of boots (worn)
 D - a +2 cloak of preservation (worn)
Jewellery
 f - a +6 ring of dexterity (left hand)
 h - an uncursed amulet of the acrobat
 x - an amulet of guardian spirit (around neck)
 G - a ring of protection from fire (right hand)
Wands
 j - a wand of acid (12)
 F - a wand of flame (9)
Scrolls
 i - 2 scrolls of enchant weapon
 n - 5 scrolls of blinking
 s - 5 scrolls of remove curse
 v - a scroll of summoning
 w - 3 scrolls of fog
 z - 6 scrolls of teleportation
 C - 2 scrolls of silence
Potions
 d - 3 potions of might
 g - 3 potions of magic
 k - a potion of berserk rage
 l - 5 potions of flight
 m - 2 potions of haste
 q - 4 potions of brilliance
 t - 3 potions of resistance
 E - a potion of cancellation
 H - a potion of ambrosia
 I - 2 potions of curing


   Skills:
 + Level 9.2 Fighting
 * Level 13.2 Long Blades
 + Level 10.8 Armour
 + Level 5.6 Dodging
 - Level 6.0 Shields


You had 11 spell levels left.
You didn't know any spells.
Your spell library contained the following spells:

 Spells                   Type           Power        Failure   Level
 Corpse Rot               Necr/Air       N/A          100%        2
 Sublimation of Blood     Necr           0%           100%        2
 Dispel Undead            Necr           0%           100%        4
 Agony                    Necr           0%           100%        5
 Excruciating Wounds      Necr           0%           100%        5


Dungeon Overview and Level Annotations

Branches:
Dungeon (12/15)            Temple (1/1) D:4            Lair (3/6) D:9
    Orc (0/2) D:12          Sewer (visited)         Ossuary (visited)
  Swamp: Lair:2-4    Shoals: Lair:2-4     Snake: Lair:2-4    Spider: Lair:2-4

Altars:
Ashenzari
Cheibriados
Dithmenos
Elyvilon
Fedhas
Gozag
Hepliaklqana
Kikubaaqudgha
Makhleb
Nemelex Xobeh
Okawaru
Qazlal
Ru
Sif Muna
Trog
Uskayaw
Vehumet
Wu Jian
Xom
Yredelemnul
Zin
The Shining One

Shops:
D:6 (}   D:12 (


Innate Abilities, Weirdness & Mutations

You are small and have problems with some larger weapons.
You are somewhat resistant to further mutation.


Message History

The death yak is heavily wounded.
The death yak barely misses you.
You riposte.
You slice the death yak!!
The death yak is almost dead.
You block the death yak's attack.
You slash the death yak!
You kill the death yak!
The death yak gores you but does no damage.
The death yak gores you but does no damage.
The death yak closely misses you. The death yak gores you.
* * * LOW HITPOINT WARNING * * *
You block the death yak's attack.
The death yak snorts and paws the ground.
You block the death yak's attack. The death yak barely misses you.
The death yak completely misses you. The death yak closely misses you.
You slash the death yak!
The death yak is lightly wounded.
The death yak gores you!
You die...

### * #.## ###### ,** *
P#########..#####PP#P##
,
......................##
,
.......................#
* #......####..........#
* * #.....##
#.........## ##..SY##
###>(.....#
#....#@######†#P##.†# ,
#.....#.#..#..#####.#
##....Y.......# #..#
#.....####...# #P.##
#..### * ###.P###...##
#.. ##.......#.# , *
*#.P.* #..........# *
..,....** ##.......###
,... ,... #P.......##


You could see a death yak and a water moccasin.

Vanquished Creatures
  A hydra (D:12)
  3 death yaks (Lair:3)
  An unseen horror (D:10)
  An ugly thing (D:11)
  A manticore (D:12)
  Joseph (D:7)
  Maurice (D:9)
  7 cane toads
  6 komodo dragons
  A troll (D:11)
  A polar bear (Lair:2)
  5 blink frogs (Lair:1)
  3 wraiths
  2 wyverns
  Eustachio (D:6)
  A human (D:10)
  2 basilisks (Lair:2)
  Menkaure (D:5)
  An acid dragon (D:11)
  5 water moccasins
  Purgy (Sewer)
  2 orc warriors
  4 ice beasts
  3 phantoms
  A black bear (D:10)
  3 sky beasts
  4 centaurs
  2 necrophages
  3 ogres
  2 big kobolds
  9 bullfrogs
  A gnoll sergeant (D:9)
  2 scorpions
  8 killer bees
  3 wights (D:9)
  6 howler monkeys
  2 electric eels (D:10)
  5 bullfrog zombies
  Crazy Yiuf (D:7)
  6 orc priests
  4 centaur skeletons
  5 hounds
  4 jellies
  A bullfrog skeleton (D:10)
  9 worker ants
  4 iguanas
  Ijyb (D:5)
  18 orc wizards
  A hound skeleton (D:4)
  2 mummies
  2 worker ant zombies
  9 gnolls
  A river rat (D:6)
  11 adders
  A shadow imp (D:8)
  2 white imps (D:10)
  An ufetubus (D:6)
  An ooze (D:3)
  2 adder skeletons (D:5)
  3 worms
  2 dart slugs
  2 leopard geckos
  53 orcs
  4 ball pythons (D:6)
  5 giant cockroaches
  9 goblins
  7 hobgoblins
  16 jackals
  5 quokkas
  A ball python skeleton (D:3)
  8 bats
  2 frilled lizards
  7 gnoll skeletons (Ossuary)
  2 hobgoblin zombies (D:4)
  2 jackal skeletons
  A jackal zombie (D:10)
  15 kobolds
  6 kobold skeletons (Ossuary)
  A kobold zombie (D:10)
  A leopard gecko zombie (D:8)
  12 orc skeletons (Ossuary)
  A quokka skeleton (D:6)
  4 rats
361 creatures vanquished.

Vanquished Creatures (collateral kills)
  A water moccasin (Lair:2)
1 creature vanquished.

Vanquished Creatures (others)
  2 shadow imps
  7 fungi
  3 plants
12 creatures vanquished.

Grand Total: 374 creatures vanquished

Notes
Turn   | Place    | Note
-------+----------+-------------------------------------------
     0 | D:1      | Borgoz the Halfling Fighter began the quest for the Orb.
     0 | D:1      | Reached XP level 1. HP: 15/15 MP: 1/1
   102 | D:1      | Reached XP level 2. HP: 20/20 MP: 2/2
   732 | D:2      | Reached XP level 3. HP: 10/25 MP: 3/3
  1258 | D:2      | Found a faded altar of an unknown god.
  1542 | D:2      | Reached XP level 4. HP: 28/31 MP: 4/4
  1865 | D:3      | Reached skill level 3 in Long Blades
  2270 | D:3      | Reached XP level 5. HP: 14/36 MP: 5/5
  2280 | D:3      | HP: 1/36 [kobold/+0 short sword (3)]
  2752 | D:3      | Found a hazy altar of Hepliaklqana.
  2901 | D:4      | Reached XP level 6. HP: 10/42 MP: 6/6
  2904 | D:4      | Got a masterwork chain mail
  2909 | D:4      | Reached skill level 4 in Long Blades
  2973 | D:4      | Found a sand-covered staircase.
  3032 | Ossuary  | Entered an ossuary
  3032 | Ossuary  | Noticed a wraith
  3032 | Ossuary  | Noticed a wraith
  3032 | Ossuary  | Noticed a wraith
  3374 | Ossuary  | Identified the cursed +1 chain mail of the Abyss {Will+
                  | Dex+2 Slay+3} (You found it on level 4 of the Dungeon)
  3460 | Ossuary  | Noticed a wraith
  3490 | Ossuary  | Killed a wraith
  3491 | Ossuary  | Reached XP level 7. HP: 31/47 MP: 7/7
  3782 | D:4      | Reached skill level 5 in Long Blades
  4015 | D:4      | Reached skill level 5 in Shields
  4106 | D:4      | Found a staircase to the Ecumenical Temple.
  4170 | Temple   | Entered the Ecumenical Temple
  4467 | Temple   | Became a worshipper of Ashenzari the Shackled
  4676 | D:5      | Entered Level 5 of the Dungeon
  4908 | D:5      | Reached skill level 5 in Armour
  4934 | D:5      | Noticed Ijyb
  4942 | D:5      | Paralysed by Ijyb for 4 turns
  4952 | D:5      | Killed Ijyb
  5144 | D:5      | Noticed Menkaure
  5155 | D:5      | Killed Menkaure
  5156 | D:5      | Reached XP level 8. HP: 30/54 MP: 4/8
  5350 | D:5      | Found a shadowy altar of Dithmenos.
  5543 | D:6      | Reached skill level 6 in Long Blades
  5669 | D:6      | Found Viceozor's Gadget Shop.
  5683 | D:6      | Found Odwahib's Weapon Boutique.
  5778 | D:6      | Found a glowing drain.
  5787 | Sewer    | Entered a sewer
  5817 | Sewer    | Noticed Purgy
  5828 | Sewer    | Killed Purgy
  5949 | D:6      | Noticed Eustachio
  5976 | D:6      | Killed Eustachio
  5977 | D:6      | Reached skill level 5 in Fighting
  5990 | D:6      | Reached XP level 9. HP: 53/61 MP: 7/9
  6079 | D:6      | Reached skill level 7 in Long Blades
  6398 | D:7      | Reached * piety under Ashenzari
  6465 | D:7      | Noticed Joseph
  6474 | D:7      | HP: 3/61 [acid (13)]
  6484 | D:7      | Killed Joseph
  6821 | D:7      | Reached skill level 8 in Long Blades
  7366 | D:7      | Found a runed translucent door.
  7367 | D:7      | Noticed Crazy Yiuf
  7376 | D:7      | Killed Crazy Yiuf
  7607 | D:8      | Reached XP level 10. HP: 65/68 MP: 8/10
  7615 | D:8      | Reached skill level 9 in Long Blades
  8126 | D:8      | Found a sacrificial altar of Ru.
  8885 | D:9      | Found a staircase to the Lair.
  8917 | D:9      | Reached skill level 10 in Long Blades
  9421 | D:9      | Noticed Maurice
  9466 | D:9      | Killed Maurice
 10428 | D:10     | Entered Level 10 of the Dungeon
 10540 | D:10     | Killed an unseen horror
 10541 | D:10     | Reached XP level 11. HP: 38/75 MP: 7/11
 10990 | D:10     | Found a runed translucent door.
 10992 | D:10     | Found a basalt altar of Yredelemnul.
 11100 | D:10     | Reached skill level 11 in Long Blades
 12042 | D:11     | Found a shadowy altar of Dithmenos.
 12064 | D:11     | Reached skill level 1 in Dodging
 12173 | D:11     | Reached ** piety under Ashenzari
 12790 | D:11     | Found a burning altar of Makhleb.
 12790 | D:11     | Noticed a cyan ugly thing
 12811 | D:11     | Killed a cyan ugly thing
 13142 | D:12     | Noticed an eight-headed hydra
 13149 | D:12     | Killed an eight-headed hydra
 13352 | D:12     | Noticed a death knight
 13353 | D:12     | Noticed a skeletal warrior
 13354 | D:12     | Noticed a manticore
 13379 | D:12     | Found Haep's Weapon Emporium.
 13818 | D:12     | Killed a manticore
 13921 | D:12     | Found a staircase to the Orcish Mines.
 13926 | D:12     | Noticed a four-headed hydra
 13943 | D:12     | HP: 3/77 [orc priest/divine providence (12)]
 14294 | Lair:1   | Entered Level 1 of the Lair of Beasts
 14315 | Lair:1   | Reached skill level 12 in Long Blades
 14720 | Lair:1   | Reached skill level 10 in Armour
 15135 | Lair:1   | Reached XP level 12. HP: 73/84 MP: 12/12
 16340 | Lair:2   | Reached *** piety under Ashenzari
 17298 | Lair:2   | Reached skill level 5 in Dodging
 17735 | Lair:3   | Noticed a death yak
 17735 | Lair:3   | Noticed a death yak
 17736 | Lair:3   | Noticed a death yak
 17736 | Lair:3   | Noticed a death yak
 17737 | Lair:3   | Noticed a death yak
 17772 | Lair:3   | Killed a death yak
 17773 | Lair:3   | Reached skill level 13 in Long Blades
 17780 | Lair:3   | Killed a death yak
 17796 | Lair:3   | HP: 2/85 [death yak (11)]
 17798 | Lair:3   | Killed a death yak
 17802 | Lair:3   | HP: 2/85 [death yak (2)]
 17809 | Lair:3   | Mangled by a death yak

Illustrated notes

Levels and vault maps discovered:
D:1:      dpeg_arrival_castle, layout_loops_ring
D:2:      layout_basic, chequers_ecumenical_altar_simple,
          guppyfry_early_orc_mine
D:3:      minmay_general_purpose_star, layout_loops_ring, general_overflow_altar
D:4:      layout_cave_pools, minmay_temple_entry_poolview,
          nicolae_ossuary_entry_giza
D:5:      layout_cave_pods, basic_altar, uniq_ijyb, uniq_menkaure
D:6:      layout_rooms, serial_shops, kennysheep_mini_moat, shop,
          portal_sewer_entry_e, uniq_eustachio
D:7:      layout_basic, uniq_joseph, uniq_crazy_yiuf_cottage
D:8:      minmay_goldmine, layout_rooms, minmay_misc_feat_columns,
          nicolae_ru_the_path_less_chosen
D:9:      layout_basic, lair_entry_dummy, uniq_maurice
D:10:     layout_cave_pods, kennysheep_diamond, dk_yredelemnul_ordeal
D:11:     layout_irregular_city, hangedman_feature_mirror
D:12:     lemuel_ogre_cave, layout_irregular_city,
          minmay_orc_entry_temple_small, serial_shops, nicolae_shop_statue_plus
Temple:   regret_index_temple_sigil_plot
Lair:1:   layout_loops_ring
Lair:2:   layout_roguey, chequers_serial_rivers_small_3, guppyfry_lair_drakes
Lair:3:   layout_chaotic_city, nicolae_swamp_entry_splash_gauntlet,
          spider_nest_entry_rubble, serial_bayou_shore_b, lemuel_fruit_tree,
          infiniplex_staircase_pool_2, lemuel_fruit_fields, uniq_sonja

Skill      XL: |  1  2  3  4  5  6  7  8  9 10 11 12 |
---------------+-------------------------------------+-----
Fighting       | 3 4 5 6 7 8 9 |  9.2
Long Blades    | 3 4 5 6 8 10 12 13 | 13.2
Shields        | 4 5 6 |  6.0
Armour         | 4 5 6 7 8 10 | 10.8
Dodging        | 3 5 |  5.6

Action                   |  1- 3 |  4- 6 |  7- 9 | 10-12 || total
-------------------------+-------+-------+-------+-------++-------
Melee: Long sword        |    82 |   164 |   426 |   969 ||  1641
Evoke: Wand              |       |       |     3 |     6 ||     9
  Use: Scroll            |     4 |    11 |     5 |    10 ||    30
       Potion            |       |     4 |     5 |     8 ||    17
 Stab: Distracted        |       |     2 |       |     1 ||     3
       Paralysed         |       |       |     5 |     2 ||     7
       Invisible         |       |       |     4 |       ||     4
Armor: Scale mail        |    35 |    55 |       |       ||    90
       Chain mail        |       |    18 |   243 |   478 ||   739
Dodge: Dodged            |    25 |    51 |   110 |   242 ||   428
Block: Kite shield       |    46 |   101 |   325 |   576 ||  1048
       Rpst.: Long sword |     8 |    18 |    31 |    70 ||   127

Table legend: (Time is in decaauts)
 A = Elapsed time spent in this place.
 B = Non-inter-level travel time spent in this place.
 C = Inter-level travel time spent in this place.
 D = Time resting spent in this place.
 E = Time spent auto-exploring this place.
 F = Levels seen in this place.
 G = Mean time per level.
                   A        B        C        D        E       F      G
               +--------+--------+--------+--------+--------+-----+--------+
         Total |  17936 |  17362 |    574 |   4191 |   9968 |  18 |  996.4 |
       Dungeon |  13406 |  12957 |    449 |   3234 |   7219 |  12 | 1117.2 |
        Temple |    319 |    279 |     40 |      0 |    278 |   1 |  319.0 |
          Lair |   3476 |   3392 |     84 |    660 |   2301 |   3 | 1158.7 |
         Sewer |     89 |     89 |      0 |      0 |     56 |   1 |   89.0 |
       Ossuary |    644 |    644 |      0 |    297 |    114 |   1 |  644.0 |
               +--------+--------+--------+--------+--------+-----+--------+

Top non-repeatable levels by time:
     D:9: 1929 daAuts
  Lair:1: 1871 daAuts
    D:10: 1466 daAuts
  Lair:2: 1450 daAuts
    D:11: 1435 daAuts
     D:2: 1169 daAuts
     D:3: 1152 daAuts
     D:8: 1110 daAuts
     D:7: 1068 daAuts
    D:12: 914 daAuts
     D:4: 900 daAuts
     D:5: 863 daAuts
     D:6: 772 daAuts
 Ossuary: 644 daAuts
     D:1: 622 daAuts
